Map: [ESL] Inside and Out

Players

NightMare - Winner!

  • Race: Protoss Protoss
  • Spawn Location: 1:00

Krystianer

  • Race: Protoss Protoss
  • Spawn Location: 7:00

Event: DreamHack SC2 Masters 2022 Valencia

VOD

Have the link to the VOD?

Description

Time

  • Played on: July 1, 2022, 1:31 p.m.
  • Length: 13:04

All games in this series

Show
View Real Time Build Order
Export as new Build Order

NightMare Protoss - Winner!

Build Orders: Phoenix Opening 

Get SALT Encoding   

  12  0:00  Probe  
  13  0:12  Probe  
  14  0:19  Pylon  
  14  0:24  Probe  
  15  0:37  Probe (Chrono Boost)  
  15  0:41  Gateway  
  16  0:47  Probe (Chrono Boost), Assimilator  
  17  0:52  Probe (Chrono Boost)  
  18  0:57  Assimilator  
  18  1:03  Probe (Chrono Boost)  
  19  1:07  Pylon  
  19  1:13  Probe (Chrono Boost)  
  19  1:18  Probe (Chrono Boost)  
  21  1:30  Cybernetics Core  
  21  1:31  Probe  
  22  1:33  Zealot  
  24  1:43  Probe  
  25  1:52  Pylon  
  25  1:55  Probe  
  26  2:11  Nexus  
  26  2:22  Stargate  
  26  2:23  Probe  
  26  2:31  Stalker  
  28  2:37  Probe  
  29  2:46  Pylon  
  29  2:49  Probe  
  30  2:53  Warp Gate  
  33  3:11  Shield Battery  
  34  3:20  Phoenix (Chrono Boost)  
  34  3:23  Stalker (Chrono Boost)  
  34  3:24  Pylon  
  34  3:25  Pylon  
  34  3:32  Pylon  
  34  3:35  Probe  
  34  3:36  Probe  
  36  3:48  Shield Battery  
  36  3:53  Void Ray (Chrono Boost)  
  38  3:57  Probe x2  
  38  4:09  Probe (Chrono Boost)  
  40  4:11  Probe (Chrono Boost)  
  40  4:12  Twilight Council  
  40  4:19  Gateway  
  40  4:21  Probe (Chrono Boost)  
  42  4:25  Probe (Chrono Boost)  
  42  4:27  Probe (Chrono Boost)  
  42  4:33  Probe  
  42  4:36  Probe  
  44  4:41  Gateway  
  44  4:45  Probe  
  45  4:46  Gateway  
  45  4:48  Probe  
  45  4:51  Blink (Chrono Boost)  
  46  4:53  Dark Shrine  
  46  4:58  Probe  
  47  5:00  Probe  
  48  5:12  Probe x2  
  48  5:13  Stalker  
  52  5:22  Nexus  
  52  5:24  Pylon  
  52  5:27  Assimilator  
  52  5:31  Pylon  
  52  5:41  Probe x2, Robotics Facility  
  54  5:48  Oracle (Chrono Boost)  
  54  5:54  Stalker  
  54  5:56  Shield Battery  
  54  5:57  Probe x2  
  61  6:00  Shield Battery  
  61  6:06  Dark Templar, Gateway  
  61  6:10  Dark Templar  
  65  6:13  Probe x2  
  67  6:21  Gateway  
  67  6:24  Stalker  
  69  6:34  Probe x2  
  69  6:39  Stalker, Shield Battery  
  73  6:42  Stalker  
  73  6:45  Probe  
  73  6:46  Probe  
  77  6:53  Stalker  
  77  6:54  Probe  
  77  6:57  Probe, Gateway  
  77  6:59  Probe, Gateway  
  80  7:06  Dark Templar  
  80  7:08  Stalker x2  
  84  7:11  Probe x3  
  84  7:12  Observer  
  88  7:16  Pylon  
  88  7:17  Pylon  
  88  7:21  Stalker  
  90  7:25  Probe x3  
  90  7:28  Assimilator  
  93  7:31  Pylon  
  93  7:35  Stalker x2  
  93  7:36  Stalker  
  96  7:56  Charge (Chrono Boost)  
  96  7:57  Stalker x4  
  102  8:02  Nexus  
  102  8:03  Pylon  
  102  8:05  Probe x2  
  104  8:06  Assimilator  
  104  8:11  Pylon  
  104  8:12  Pylon x2  
  104  8:20  Pylon  
  104  8:23  Forge  
  104  8:25  Probe x3  
  107  8:30  Gateway  
  107  8:32  Gateway  
  107  8:37  Zealot x3  
  107  8:39  Stalker  
  115  8:42  Stalker, Observer  
  115  8:45  Stalker  
  119  8:48  Stalker  
  119  8:51  Protoss Ground Weapons Level 1 (Chrono Boost), Observer (Chrono Boost)  
  119  8:55  Shield Battery  
  122  8:56  Shield Battery  
  122  9:01  Stalker  
  124  9:05  Stalker  
  126  9:12  Photon Cannon x2  
  126  9:15  Shield Battery  
  126  9:18  Pylon  
  126  9:20  Dark Templar  
  128  9:29  Zealot x5  
  138  9:35  Probe  
  138  9:36  Probe x3  
  138  9:37  Shield Battery  
  142  9:40  Warp Prism (Chrono Boost)  
  142  9:48  Robotics Bay  
  134  9:53  Observer  
  126  10:01  Stalker x5  
  126  10:02  Stalker  
  138  10:11  Photon Cannon  
  138  10:12  Photon Cannon  
  138  10:14  Photon Cannon  
  138  10:27  Gateway  
  138  10:30  Probe x3  
  138  10:32  Probe, Robotics Facility, Assimilator  
  138  10:33  Gateway  
  138  10:35  Protoss Ground Weapons Level 2 (Chrono Boost)  
  142  10:43  Zealot x3  
  142  10:44  Zealot x6  
  142  10:48  Disruptor (Chrono Boost)  
  145  11:06  Stalker x7  
  145  11:07  Observer  
  145  11:13  Observer  
  145  11:14  Stalker  
  145  11:15  Stalker, Disruptor (Chrono Boost)  
  145  11:16  Disruptor (Chrono Boost)  
  145  11:17  Observer  
  145  11:25  Assimilator  
  145  11:26  Pylon  
  145  11:30  Zealot x6  
  156  11:40  Observer  
  156  11:44  Pylon  
  156  11:47  Pylon  
  156  11:52  Stalker x7  
  170  11:58  Stalker x2  
  162  12:12  Stalker x2  
  152  12:21  Stalker x6  
  152  12:22  Stalker  
  152  12:24  Stalker  
  152  12:26  Stalker  
  132  12:40  Dark Templar x2  
  123  12:50  Dark Templar x3  
  118  12:53  Zealot x5  
  118  12:54  Zealot  
Show
View Real Time Build Order
Export as new Build Order

Krystianer Protoss 

Build Orders: Oracle Opening 

Get SALT Encoding   

  12  0:00  Probe  
  13  0:12  Probe  
  14  0:17  Pylon  
  14  0:24  Probe (Chrono Boost)  
  16  0:36  Probe (Chrono Boost)  
  16  0:37  Gateway  
  16  0:43  Probe (Chrono Boost)  
  16  0:45  Assimilator  
  17  0:50  Probe  
  18  1:03  Probe (Chrono Boost)  
  19  1:04  Assimilator  
  19  1:05  Pylon  
  20  1:12  Probe (Chrono Boost)  
  20  1:17  Probe (Chrono Boost)  
  20  1:24  Cybernetics Core  
  21  1:29  Probe  
  21  1:31  Zealot  
  24  1:41  Probe  
  25  1:55  Probe  
  25  2:00  Stalker (Chrono Boost)  
  28  2:02  Warp Gate  
  28  2:18  Nexus  
  28  2:21  Stalker (Chrono Boost)  
  30  2:30  Pylon  
  30  2:33  Probe  
  31  2:43  Stargate  
  31  2:48  Probe  
  32  2:54  Stalker  
  34  3:00  Probe  
  35  3:12  Probe  
  36  3:24  Probe  
  37  3:27  Oracle (Chrono Boost)  
  37  3:29  Probe  
  41  3:36  Probe  
  42  3:41  Probe  
  43  3:48  Probe  
  43  3:54  Probe  
  45  4:00  Probe  
  44  4:02  Phoenix (Chrono Boost)  
  44  4:06  Probe  
  45  4:12  Probe  
  45  4:14  Gateway  
  45  4:15  Gateway  
  45  4:16  Twilight Council  
  46  4:17  Stalker  
  46  4:19  Probe  
  49  4:24  Probe  
  50  4:37  Probe  
  49  4:38  Nexus  
  49  4:41  Shield Battery  
  49  4:45  Probe  
  49  4:48  Blink (Chrono Boost)  
  49  4:49  Probe  
  50  4:54  Dark Shrine  
  50  4:57  Assimilator  
  50  4:59  Probe  
  51  5:01  Probe  
  51  5:03  Pylon  
  51  5:06  Stalker  
  54  5:16  Pylon  
  54  5:21  Probe x2, Shield Battery  
  56  5:30  Stalker x3  
  56  5:34  Probe x2  
  64  5:39  Robotics Facility  
  64  5:47  Probe x2 (Chrono Boost)  
  66  5:53  Stalker x2  
  66  5:54  Stalker  
  66  5:56  Probe (Chrono Boost)  
  75  6:04  Probe x2 (Chrono Boost)  
  75  6:07  Gateway  
  75  6:08  Probe (Chrono Boost)  
  76  6:13  Pylon  
  76  6:17  Forge  
  76  6:18  Stalker x2  
  80  6:19  Stalker  
  80  6:20  Probe  
  80  6:23  Probe  
  80  6:24  Probe  
  77  6:32  Probe  
  77  6:34  Observer (Chrono Boost)  
  77  6:35  Probe  
  77  6:36  Probe  
  75  6:42  Stalker x2  
  75  6:44  Stalker  
  75  6:46  Probe (Chrono Boost)  
  78  6:52  Probe (Chrono Boost)  
  78  6:53  Probe (Chrono Boost)  
  77  7:04  Protoss Ground Weapons Level 1 (Chrono Boost), Probe (Chrono Boost)  
  77  7:07  Probe (Chrono Boost)  
  76  7:09  Adept  
  76  7:10  Adept  
  76  7:12  Stalker x2  
  76  7:15  Probe  
  84  7:17  Probe x2  
  86  7:27  Probe  
  86  7:29  Probe, Gateway, Assimilator  
  89  7:36  Gateway  
  88  7:38  Gateway  
  88  7:39  Probe  
  88  7:41  Stalker x2  
  91  7:45  Probe (Chrono Boost)  
  91  7:46  Probe (Chrono Boost)  
  87  7:56  Probe (Chrono Boost)  
  86  7:59  Assimilator  
  86  8:01  Assimilator  
  86  8:04  Templar Archives  
  86  8:05  Photon Cannon, Probe (Chrono Boost)  
  86  8:06  Probe (Chrono Boost)  
  86  8:10  Pylon  
  87  8:14  Probe  
  87  8:15  Probe  
  89  8:21  Zealot x2  
  89  8:24  Pylon  
  89  8:26  Charge  
  93  8:32  Pylon  
  93  8:35  Zealot  
  93  8:36  Observer  
  93  8:38  Pylon  
  93  8:39  Zealot  
  97  8:42  Photon Cannon  
  97  8:43  High Templar x2  
  97  8:47  Archon, High Templar x2  
  97  8:48  Zealot  
  107  8:49  Probe  
  107  8:51  Pylon  
  107  8:53  Archon  
  107  8:54  Probe  
  107  8:55  Probe  
  110  9:04  Pylon  
  110  9:05  Warp Prism (Chrono Boost)  
  110  9:07  High Templar x2  
  116  9:12  Zealot  
  116  9:13  Archon  
  120  9:19  Nexus  
  120  9:20  Probe  
  119  9:26  Protoss Ground Weapons Level 2 (Chrono Boost)  
  119  9:31  High Templar x2  
  123  9:34  Gateway  
  123  9:35  Zealot  
  123  9:36  Archon  
  125  9:42  Zealot x4  
  133  9:48  Probe  
  134  9:58  Probe  
  125  10:03  Zealot x7  
  139  10:10  Gateway  
  139  10:12  Gateway  
  139  10:20  Gateway  
  139  10:22  Pylon  
  139  10:23  Pylon  
  139  10:24  Observer  
  139  10:25  High Templar  
  139  10:27  Pylon  
  141  10:31  High Templar  
  141  10:32  High Templar x2, Zealot  
  141  10:33  Pylon, Zealot  
  141  10:34  Pylon, High Templar  
  153  10:35  Archon x2  
  153  10:36  High Templar  
  153  10:41  Archon  
  153  10:51  Probe  
  153  10:54  Zealot x2  
  149  11:03  Zealot  
  142  11:05  Zealot x3  
  142  11:07  Probe x2  
  142  11:09  Probe x2  
  148  11:17  High Templar x2  
  148  11:18  High Templar x2  
  148  11:23  Photon Cannon, Zealot x2  
  148  11:24  Shield Battery  
  152  11:27  Archon x2  
  152  11:29  Zealot x3  
  158  11:56  Zealot x5  
  158  11:57  Zealot x3  
  158  11:58  Probe  
  158  12:00  Probe  
  176  12:02  Probe  
  155  12:10  Probe  
  155  12:14  Observer  
  143  12:17  Stalker x8  
  143  12:19  Probe x2  
  125  12:40  Zealot x6  
  125  12:41  Zealot x2  
  125  12:43  Probe x2 (Chrono Boost)  
  125  12:44  Observer (Chrono Boost)  
  134  12:47  Probe (Chrono Boost)  
  134  12:51  Probe (Chrono Boost)  

Tags
 
Add a new tag
Caveats
  • Supply blocks, unpowered buildings, or Contaminate may cause inaccurate times.
  • Supply counts are checked every 10 seconds.